 Dungeon Crawl Stone Soup version 0.17-a0-1954-g0dddeaa (webtiles) character file.

163 Kusio the Poker (level 5, -3/41 HPs)
             Began as a Demonspawn Abyssal Knight on Oct 4, 2015.
             Was a Believer of Lugonu.
             Slain by an orc wizard
             ... wielding a +0 dagger of electrocution
              (13 damage)
             ... on level 3 of the Dungeon.
             The game lasted 00:07:54 (3044 turns).

Kusio the Poker (Demonspawn Abyssal Knight)         Turns: 3044, Time: 00:07:54

Health: -3/41      AC:  3    Str: 13    XL:     5   Next: 20%
Magic:  6/6        EV: 11    Int: 14    God:    Lugonu [**....]
Gold:   111        SH:  0    Dex: 12    Spells: 0 memorised, 4 levels left

rFire  . . .     SeeInvis .     a - +1 spear
rCold  . . .     Clarity  .     b - +0 leather armour
rNeg   . . .     SustAt   .     (no shield)
rPois  .         Gourm    .     (no helmet)
rElec  .         Spirit   .     (no cloak)
rCorr  .         Warding  .     (no gloves)
rMut   .         Stasis   .     (no boots)
MR     .....                    (no amulet)
Stlth  +.........               (no ring)
                                (no ring)

@: not resistant to hostile enchantments, very unstealthy
A: rot immunity
a: Depart the Abyss, Bend Space, Renounce Religion


You were on level 3 of the Dungeon.
You worshipped Lugonu.
Lugonu was pleased with you.
You were not hungry.

You visited 1 branch of the dungeon, and saw 3 of its levels.
You visited the Abyss 1 time.

You collected 111 gold pieces.

Inventory:

Hand weapons
 a - a +1 spear (weapon)
Missiles
 k - 19 poisoned needles
 l - 4 javelins (quivered)
Armour
 b - a +0 leather armour (worn)
Scrolls
 e - 2 scrolls of teleportation {unknown}
 f - a scroll of noise {unknown}
 g - 2 scrolls of identify {unknown}
 h - 2 scrolls of remove curse {unknown}
 i - 2 scrolls of random uselessness {unknown}
 m - 2 scrolls of enchant weapon {unknown}
 o - a scroll of fear {unknown}
 q - a scroll of amnesia {unknown}
Potions
 p - a potion of ambrosia {unknown}
Comestibles
 c - 3 bread rations
 j - a meat ration


   Skills:
 - Level 3.0 Fighting
 * Level 5.0 Polearms
 - Level 1.7 Armour
 - Level 0.8 Dodging
 - Level 2.4 Invocations


You had 4 spell levels left.
You didn't know any spells.

Dungeon Overview and Level Annotations

Branches:
Dungeon (3/15)

Altars:


Innate Abilities, Weirdness & Mutations

You are immune to rotting.


Message History

a leather armour; a whip
Things that are here:
a club; a hobgoblin skeleton
Found 8 arrows of dispersal and a chain mail.
HP restored.
The orc wizard casts a spell.
The orc wizard flickers and vanishes!
Deactivating autopickup; reactivate with Ctrl-A.
Found a stone staircase leading down.
A puff of flame appears from out of thin air!
The puff of flame hits you!
You hit something. Something hits you.
You miss something. Something hits you.
You are electrocuted!
You hit something. Something hits you but does no damage.
You hit something. You closely miss something.
Something hits you but does no damage.
You are electrocuted!
* * * LOW HITPOINT WARNING * * *
You hit something. Something hits you but does no damage.
You are electrocuted!
You die...

#.#....)......#
#.............#
###.#.....>..##
######### #.#........##
...>....# #............
#######.###.......)....
#...........#........#.
#.####.#######..##..##.
#@##........###.#.
#.##.####.#.###... #.#
#.#.....## ..#
#o#####.# ### #.# ###
#o# #.# #o#


There were no monsters in sight!

Vanquished Creatures
  An orc priest (D:3)
  A gnoll (D:1)
  6 adders
  A worm (D:2)
  3 orcs
  A ball python (D:2)
  4 bats
  3 giant cockroaches
  15 hobgoblins
  7 kobolds
  A quokka (D:3)
  8 giant newts
  5 goblins
  4 jackals (D:1)
  6 rats
66 creatures vanquished.

Notes
Turn   | Place    | Note
--------------------------------------------------------------
     0 | Abyss:1  | Kusio the Demonspawn Abyssal Knight began the quest for the Orb.
     0 | Abyss:1  | Reached XP level 1. HP: 18/18 MP: 2/2
    84 | Abyss:1  | Noticed a revenant
    85 | Abyss:1  | Noticed a spectral tengu
    85 | Abyss:1  | Noticed a spectral infernal demonspawn
    85 | D:1      | Escaped the Abyss
   213 | D:1      | Acquired Lugonu's first power
   223 | D:1      | Gained mutation: You are immune to rotting. [demonic ancestry]
   223 | D:1      | Reached XP level 2. HP: 8/24 MP: 3/3
   393 | D:1      | Reached XP level 3. HP: 21/29 MP: 4/4
  1141 | D:2      | Reached XP level 4. HP: 15/35 MP: 5/5
  1255 | D:2      | Reached skill level 4 in Polearms
  1256 | D:2      | HP: 2/52 [poisoned by an adder]
  1269 | D:2      | Acquired Lugonu's second power
  2892 | D:3      | Reached skill level 5 in Polearms
  2892 | D:3      | Reached XP level 5. HP: 23/41 MP: 6/6
  3044 | D:3      | Slain by an orc wizard

Vault maps used:
D:1:      minmay_arrival_nine_rooms
D:2:      wad_floor_pattern_untrapped, hangedman_decor_clover_reticule,
          kennysheep_crisscross
D:3:      lemuel_crystal_altar, st_stairs_5

Action                   |  1- 3 |  4- 6 || total
-------------------------+-------+-------++-------
Melee: Spear             |   122 |   126 ||   248
Throw: Javelin           |    11 |     3 ||    14
Invok: Depart the Abyss  |     1 |       ||     1
       Bend Space        |       |     2 ||     2
  Use: Potion            |     1 |     3 ||     4
 Stab: Sleeping          |     1 |       ||     1
       Distracted        |     1 |       ||     1
  Eat: Chunk             |     1 |     4 ||     5
       Pizza             |       |     2 ||     2
